cohdb
Replays
Latest Replays
All Replays
Popular Replays
Top Player Replays
Match Explorer
How It Works
Community
CoH3 Stats
Reddit
Sign in to upload your games and track your stats! →
Sign in with Steam
Match 39211487
Unlisted
Match 39211487
Overview
Messages
Build Orders
End
Construct Infanterie Kompanie
Selects Italian Coastal Battlegroup
Selects Coastal Reserves
Coastal Reserve
GrW 34 Mortar Team
Coastal Reserve
Pioneer Squad
GrW 34 Mortar Team
Construct Luftwaffe Kompanie
Support Elements
Pioneer Squad
Selects Support Bunkers
Medical Bunker
Selects Designated Artillery Overwatch
Wirbelwind Flakpanzer
Jäger Squad
M1k3H4lt0n
Zerg6412
Tanith's Finest
LeGrillePain
corporatepolicies
Pat216
0
0
Comments
sign in to comment!
No comments posted yet!